 Dungeon Crawl Stone Soup version 0.15.2 (webtiles) character file.

383 monstruo the Basher (level 6, 0/78 HPs)
             Began as a Minotaur Berserker on Nov 18, 2014.
             Was an Elder of Trog.
             Killed by divine providence
             ... invoked by an orc priest
              (14 damage)
             ... on Level 4 of the Dungeon on Nov 19, 2014.
             The game lasted 00:15:32 (3209 turns).

monstruo the Basher (Minotaur Berserker)            Turns: 3209, Time: 00:15:32

HP   0/78        AC 12     Str 26      XL: 6   Next: 47%
MP   3/3         EV  6     Int  4      God: Trog [****..]
Gold 177         SH  0     Dex 12      Spells:  0 memorised,  5 levels left

rFire  . . .     SeeInvis .     w - +1 hammer (holy)
rCold  + . .     Clarity  .     r - +0 plate armour
rNeg   . . .     rCorr    .     (no shield)
rPois  .         rRot     .     (helmet restricted)
rElec  .         Spirit   .     j - +0 cloak
SustAb .         Warding  .     (no gloves)
rMut   +         Stasis   .     (no boots)
Gourm  .                        i - amulet of resist mutation
MR     .....                    (no ring)
                                A - ring of protection from cold

@: berserking (expiring), very quick, not resistant to hostile enchantments,
extremely unstealthy
A: retaliatory headbutt, horns 2
a: Burn Spellbooks, Berserk, Trog's Hand, Brothers in Arms, Renounce Religion


You were on level 4 of the Dungeon.
You worshipped Trog.
Trog was greatly pleased with you.
You were not hungry.

You visited 1 branch of the dungeon, and saw 4 of its levels.

You collected 177 gold pieces.

Inventory:

Hand weapons
 a - a +0 mace
 k - a +0 whip
 w - a +1 hammer of holy wrath (weapon)
Armour
 b - a +0 animal skin
 j - a +0 cloak (worn)
 r - a +0 plate armour (worn)
 x - a +0 cloak
Magical devices
 v - a wand of random effects (7) {unknown}
 y - a wand of magic darts (24) {unknown}
Comestibles
 c - 2 bread rations
 g - 2 fruits
 q - a rotting chunk of bat flesh
Scrolls
 d - a scroll of remove curse
 l - 2 scrolls of identify
 m - 4 scrolls of teleportation
 p - a scroll of random uselessness
Jewellery
 i - an amulet of resist mutation (around neck)
 n - an uncursed ring of loudness
 o - an uncursed ring of protection from fire {unknown}
 A - a ring of protection from cold (left hand)
 D - an uncursed ring of teleportation
Potions
 e - 3 potions of agility
 f - a potion of curing {unknown}
 h - 2 potions of brilliance {unknown}
 s - a potion of degeneration {unknown}
 z - a potion of haste
 C - 2 potions of heal wounds {unknown}


   Skills:
 - Level 4.0 Fighting
 + Level 8.5 Maces & Flails
 - Level 2.5 Armour
 - Level 2.4 Dodging


You had 5 spell levels left.
You didn't know any spells.

Dungeon Overview and Level Annotations

Branches:
Dungeon (4/15)
 Temple: D:4-7

Altars:
Makhleb
Sif Muna
Zin
The Shining One


Innate Abilities, Weirdness & Mutations

You reflexively headbutt those who attack you in melee.
You have a pair of horns on your head.


Message History

The orc priest invokes the aid of Beogh against you.
Something smites you!
A bat comes into view.
You closely miss the orc.
The orc priest invokes the aid of Beogh against you.
Something smites you! The orc barely misses you.
You sock the orc!
You kill the orc!
Trog accepts your kill.
You closely miss the bat. Your headbutt misses the bat.
The bat hits you but does no damage.
The orc priest invokes the aid of Beogh against you.
Something smites you!
* * * LOW HITPOINT WARNING * * *
You sock the bat!
You kill the bat!
Trog accepts your kill.
The orc priest mumbles some strange prayers to Beogh against you.
Something smites you!
You die...

### # #.. #.
#.# #.##.# #
....##.# #....
#######.###
#or@)...<.#
#......###....#
#....[. #.#..#
#..(... ...####
#$..>...####
####+#


You could see an orc priest and a rat.

Vanquished Creatures
  The ghost of blami the Sneak, an average HuAs of Dithmenos (D:3)
  Crazy Yiuf (D:2)
  3 orc wizards
  Ijyb (D:2)
  A gnoll (D:3)
  3 adders
  2 worms
  5 giant geckos
  5 orcs
  2 ball pythons
  13 bats
  A giant cockroach (D:2)
  4 hobgoblins
  7 jackals
  9 kobolds
  4 giant newts
  11 goblins
  12 rats
85 creatures vanquished.

Notes
Turn   | Place    | Note
--------------------------------------------------------------
     0 | D:1      | monstruo, the Minotaur Berserker, began the quest for the Orb.
     0 | D:1      | Reached XP level 1. HP: 19/19 MP: 1/1
    88 | D:1      | Reached skill level 4 in Maces & Flails
    92 | D:1      | Reached XP level 2. HP: 8/27 MP: 1/1
   403 | D:1      | Acquired Trog's second power
   802 | D:1      | Reached XP level 3. HP: 29/33 MP: 2/2
  1632 | D:2      | Reached skill level 5 in Maces & Flails
  1704 | D:2      | Found a deep blue altar of Sif Muna.
  1784 | D:2      | Reached XP level 4. HP: 36/40 MP: 2/2
  1814 | D:2      | Noticed Crazy Yiuf
  1828 | D:2      | Killed Crazy Yiuf
  2039 | D:2      | Noticed Ijyb
  2046 | D:2      | Reached skill level 6 in Maces & Flails
  2058 | D:2      | Killed Ijyb
  2346 | D:3      | Reached XP level 5. HP: 44/46 MP: 2/2
  2443 | D:3      | Noticed blami's ghost (average HuAs)
  2453 | D:3      | Killed blami's ghost
  2453 | D:3      | Reached skill level 7 in Maces & Flails
  2453 | D:3      | Reached XP level 6. HP: 49/52 MP: 3/3
  2522 | D:3      | Found a burning altar of Makhleb.
  2522 | D:3      | Found a glowing golden altar of the Shining One.
  2664 | D:3      | Found a glowing silver altar of Zin.
  2732 | D:3      | Reached skill level 8 in Maces & Flails
  3169 | D:3      | Acquired Trog's third power
  3209 | D:4      | Killed from afar by an orc priest

Action                   |  1- 3 |  4- 6 || total
-------------------------+-------+-------++-------
Melee: Mace              |   105 |    11 ||   116
       Hammer            |       |   100 ||   100
Invok: Berserk           |       |     2 ||     2
  Use: Scroll            |       |     9 ||     9
  Eat: Chunk             |     3 |     3 ||     6
       Fruit             |       |     2 ||     2
       Royal jelly       |       |     1 ||     1
